 Dungeon Crawl Stone Soup version 0.30.0 (webtiles) character file.

Game seed: 15370872283049785941

1174 dialectric the Covert (level 8, -2/53 HPs)
             Began as an Octopode Brigand on May 6, 2023.
             Slain by a wyvern zombie (5 damage)
             ... on level 5 of the Dungeon.
             The game lasted 00:05:21 (3741 turns).

dialectric the Covert (Octopode Brigand)            Turns: 3741, Time: 00:05:21

Health: -2/53      AC:  1    Str: 10    XL:     8   Next: 41%
Magic:  8/8        EV: 14    Int: 13    God:
Gold:   202        SH:  0    Dex: 16    Spells: 7/7 levels left

rFire   . . .        a - +2 dagger
rCold   . . .        (no shield)
rNeg    + . .        (helmet restricted)
rPois   .            (no amulet)
rElec   .            i - ring of willpower
rCorr   .            l - ring of positive energy
SInv    .            (no ring)
Will    +....        (no ring)
Stlth   ++++++       (no ring)
HPRegen 0.28/turn    (no ring)
MPRegen 0.11/turn    (no ring)
                     (no ring)

%: no passive effects
@: no status effects
A: almost no armour, amphibious, 8 rings, camouflage 1, gelatinous body 1,
(nimble swimmer 1), tentacles
a: no special abilities


You were on level 5 of the Dungeon.
You visited 1 branch of the dungeon, and saw 5 of its levels.

You collected 202 gold pieces.

Inventory:

Hand Weapons
 a - a +2 dagger (weapon)
 s - a +1 trident of flaming
 y - a +2 heavy trident
Missiles
 b - 16 poisoned darts (quivered)
 c - 3 curare-tipped darts
Armour
 t - a +0 tower shield
Jewellery
 i - a ring of willpower (left tentacle)
 l - a ring of positive energy (right tentacle)
Wands
 r - a wand of flame (20)
Scrolls
 d - a scroll of blinking
 m - 2 scrolls of identify
 p - a scroll of enchant weapon {unknown}
 q - a scroll of brand weapon {unknown}
 u - a scroll of torment {unknown}
 v - a scroll of poison {unknown}
 x - a scroll of amnesia {unknown}
 z - a scroll of vulnerability {unknown}
Potions
 e - a potion of curing
 f - a potion of magic {unknown}
 g - a potion of cancellation {unknown}
 h - a potion of invisibility
 j - 2 potions of haste {unknown}
 k - a potion of degeneration {unknown}
 n - 2 potions of heal wounds
 o - 3 potions of resistance {unknown}
 w - a potion of berserk rage {unknown}
 A - a potion of flight {unknown}


   Skills:
 + Level 3.6 Fighting
 + Level 5.1 Short Blades
 - Level 2.0 Throwing
 + Level 3.3 Dodging
 * Level 11.2 Stealth
 + Level 1.0 Evocations


You had 7 spell levels left.
You didn't know any spells.
Your spell library contained the following spells:

 Spells                   Type           Power      Damage    Failure   Level
 Sandblast                Erth           0%         2d4       30%         1
 Passwall                 Tmut/Erth      0%         N/A       43%         2
 Stone Arrow              Conj/Erth      0%         3d7       67%         3
 Leda's Liquefaction      Hex/Erth       0%         N/A       97%         4
 Lee's Rapid Deconstruct  Erth           0%         3d4*      100%        5
 Statue Form              Tmut/Erth      0%         N/A       100%        6


Dungeon Overview and Level Annotations

Branches:
Dungeon (5/15)
 Temple: D:4-7

Altars:
Kikubaaqudgha

Shops:
D:4 (


Innate Abilities, Weirdness & Mutations

You cannot wear most types of armour.
You are amphibious.
You can wear up to eight rings at the same time.
Your skin changes colour to match your surroundings (Stealth+).
Your rubbery body absorbs attacks. (AC +1, EV +1)
((You are camouflaged when in or above water. (Stealth+)))
You have tentacles for arms and can constrict up to eight enemies at once.


Message History

You hit the centaur zombie.
The centaur zombie is lightly damaged.
The bullfrog zombie hits you but does no damage.
The centaur zombie closely misses you. The centaur zombie kicks you.
You hit the centaur zombie. You squeeze the centaur zombie!
The centaur zombie is heavily damaged.
The howler monkey skeleton completely misses you.
The wyvern zombie bites you! The bullfrog zombie misses you.
You hit the centaur zombie. You squeeze the centaur zombie!
The centaur zombie is almost destroyed.
The centaur zombie hits you. The centaur zombie kicks you.
The wyvern zombie misses you. The howler monkey skeleton hits you.
The bullfrog zombie hits you.
You hit the centaur zombie.
You destroy the centaur zombie!
The wyvern zombie bites you. The bullfrog zombie closely misses you.
The howler monkey skeleton hits you.
You hit the bullfrog zombie. Your grab misses the bullfrog zombie.
You squeeze the bullfrog zombie!
The bullfrog zombie is heavily damaged.
The bullfrog zombie barely misses you. The wyvern zombie closely misses you.
The bullfrog zombie closely misses you.
You hit the bullfrog zombie. Your grab misses the bullfrog zombie.
You squeeze the bullfrog zombie.
The bullfrog zombie is severely damaged.
The howler monkey skeleton hits you. The bullfrog zombie hits you.
The wyvern zombie bites you.
The bullfrog zombie completely misses you.
You are too injured to fight recklessly!
The howler monkey skeleton attacks as you move away!
The howler monkey skeleton barely misses you.
The wyvern zombie bites you!
* * * LOW HITPOINT WARNING * * *
The wyvern zombie attacks as you move away!
The wyvern zombie misses you. The bullfrog zombie misses you.
The wyvern zombie bites you.
* * * LOW HITPOINT WARNING * * *
The wyvern zombie attacks as you move away!
The wyvern zombie bites you.
You die...

..........###..#........##.....#
...........##.##..P....####...##
........#......#......## ##.##
.......##....#.....8..# ###
.......#..####.#....###
.......#..##.........#
...........#......$.##
..............#......#
..............#.@..###
...###...#.....ZZZ..#
##..............ZZ#.#
##..................#
#..#........#.#.....#
...##...#...#.......#
...#....#...#.......# ..........
####.....# ..........# #######


You could see an adder zombie, 2 bullfrog zombies, a wyvern zombie and a howler
monkey skeleton.

Vanquished Creatures
  Sigmund (D:3)
  A wyvern (D:5)
  An ogre (D:4)
  A phantom (D:5)
  Blork the orc (D:4)
  A gnoll sergeant (D:5)
  3 centaur zombies (D:5)
  An orc priest (D:4)
  2 bullfrog skeletons (D:5)
  An iguana (D:4)
  An orc wizard (D:4)
  A scorpion zombie (D:5)
  Natasha (thrice) (D:2)
  A killer bee zombie (D:5)
  3 hound zombies (D:5)
  A hound skeleton (D:5)
  4 gnolls
  2 howler monkey zombies (D:5)
  2 howler monkey skeletons (D:5)
  An adder (D:2)
  An adder zombie (D:5)
  An adder skeleton (D:5)
  2 dart slugs
  12 orcs
  7 bats
  8 endoplasms
  2 giant cockroaches
  7 goblins
  7 hobgoblins
  2 quokkas (D:1)
  7 ball pythons
  3 frilled lizards
  4 kobolds
  8 rats
103 creatures vanquished.

Notes
Turn   | Place    | Note
-------+----------+-------------------------------------------
     0 | D:1      | dialectric the Octopode Brigand began the quest for the
                  | Orb.
     0 | D:1      | Reached XP level 1. HP: 14/14 MP: 1/1
   185 | D:1      | Reached XP level 2. HP: 16/19 MP: 2/2
   753 | D:1      | Reached skill level 6 in Stealth
   769 | D:1      | Reached XP level 3. HP: 24/24 MP: 3/3
  1135 | D:2      | Noticed Natasha
  1143 | D:2      | Killed Natasha
  1144 | D:2      | Reached XP level 4. HP: 25/29 MP: 4/4
  1251 | D:2      | Noticed Natasha
  1258 | D:2      | Killed Natasha
  1259 | D:2      | Reached skill level 7 in Stealth
  1348 | D:2      | Found a faded altar of an unknown god.
  1563 | D:2      | Noticed Natasha
  1581 | D:2      | Killed Natasha
  1582 | D:2      | Reached XP level 5. HP: 35/35 MP: 5/5
  1689 | D:3      | Noticed Sigmund
  1694 | D:3      | Killed Sigmund
  1695 | D:3      | Reached skill level 8 in Stealth
  1695 | D:3      | Reached XP level 6. HP: 41/41 MP: 6/6
  1888 | D:4      | Noticed Blork the orc
  1891 | D:4      | Killed Blork the orc
  1892 | D:4      | Reached skill level 9 in Stealth
  2041 | D:4      | Reached XP level 7. HP: 45/45 MP: 7/7
  2093 | D:4      | HP: 1/46 [acid (8)]
  2261 | D:5      | Entered Level 5 of the Dungeon
  2455 | D:4      | Found Fapnitt's Weapon Shoppe.
  2532 | D:4      | Found an ancient bone altar of Kikubaaqudgha.
  2712 | D:5      | Reached skill level 10 in Stealth
  2964 | D:5      | Noticed a wyvern
  2971 | D:5      | Killed a wyvern
  2972 | D:5      | Reached XP level 8. HP: 52/52 MP: 8/8
  3061 | D:5      | HP: 2/52 [gnoll/+0 whip[a gnoll sergeant] (3)]
  3277 | D:5      | Reached skill level 1 in Evocations
  3377 | D:5      | Reached skill level 11 in Stealth
  3607 | D:5      | Reached skill level 5 in Short Blades
  3741 | D:5      | Slain by a wyvern zombie

Illustrated notes

Levels and vault maps discovered:
D:1:      saegor_arrival_simple_e, layout_basic, minivault_11,
          minmay_tromino_v4_a
D:2:      layout_rooms, hellmonk_ecumenical_altar_heavens_door,
          dreamdust_princess_corridor, uniq_natasha
D:3:      kb_forest_paths, layout_loops_ring, mainiacjoe_overflow_alcove_4,
          lemuel_doored_altar, uniq_sigmund
D:4:      layout_loops_ring, mainiacjoe_overflow_concentric_impassable,
          minmay_shop_grid_forest, corexii_leaking_fountain, uniq_blork_the_orc
D:5:      cheibrodos_quashed, layout_cave_pools, serial_undead, serial_undead_e,
          serial_undead_c, serial_undead_a, serial_undead_d, serial_undead_f,
          serial_undead_a, serial_undead_e

Skill      XL: |  1  2  3  4  5  6  7  8 |
---------------+-------------------------+-----
Stealth        | 6 7 8 9 10 11 | 11.2
Short Blades   | 3 4 5 |  5.1
Fighting       | 3 |  3.6
Dodging        | 2 3 |  3.3
Evocations     | 1 |  1.0
Throwing       | |  2.0

Action                     |  1- 3 |  4- 6 |  7- 9 || total
---------------------------+-------+-------+-------++-------
  Melee: Dagger            |    48 |    48 |   143 ||   239
         Constrict         |     8 |    10 |    24 ||    42
         Tentacles         |     6 |    12 |    45 ||    63
         Punch             |     1 |     1 |     1 ||     3
  Throw: Dart              |       |     2 |     8 ||    10
  Evoke: Wand              |       |       |    10 ||    10
    Use: Potion            |       |       |     3 ||     3
         Scroll            |       |       |     4 ||     4
   Stab: Sleeping          |    18 |    11 |     8 ||    37
         Distracted        |     1 |       |       ||     1
 Armour: Skin              |     3 |     1 |     8 ||    12
  Dodge: Dodged            |    12 |    18 |   115 ||   145
